[Event "ICC tourney 2545 (5 3)"]
[Site "Internet Chess Club"]
[Date "2021.04.11"]
[Round "3"]
[White "evorg"]
[Black "MrsPiggy"]
[Result "1-0"]
[ICCResult "Black resigns"]
[WhiteElo "1555"]
[BlackElo "1342"]
[Opening "Philidor's defense"]
[ECO "C41"]
[NIC "KP.10"]
[Time "14:53:25"]
[TimeControl "300+3"]

1. e4 e5 2. Nf3 d6 3. Bc4 Bg4 4. h3 Bh5 5. g4 Bg6 6. d3 c6 7. Be3 Nd7 8. Nc3
a5 9. Qd2 b5 10. Nxb5 cxb5 11. Bxb5 Be7 12. c4 f6 13. b4 axb4 14. Qxb4 d5
15. c5 d4 16. Bd2 Rb8 17. Qa4 Bxc5 18. Rb1 Ne7 19. Bxd7+ Kf8 20. Rxb8 Qxb8
21. O-O Bf7 22. Rc1 Bd6 23. Nh4 h6 24. Nf5 Nxf5 25. Bxf5 g6 26. Rc8+ Kg7 27.
Rxb8 Rxb8 28. Bd7 Rb1+ 29. Kg2 Rb7 30. Qc6 {Black resigns} 1-0

[Event "ICC tourney 2545 (5 3)"]
[Site "Internet Chess Club"]
[Date "2021.04.11"]
[Round "3"]
[White "Eagle64"]
[Black "ashrafismyname"]
[Result "1-0"]
[ICCResult "Black resigns"]
[WhiteElo "2573"]
[BlackElo "1806"]
[Opening "Queen's pawn: Charlick (Englund) gambit"]
[ECO "A40"]
[NIC "QO.17"]
[Time "14:53:43"]
[TimeControl "300+3"]

1. d4 e5 2. dxe5 d6 3. Nf3 Nc6 4. e4 Bg4 5. Bb5 a6 6. Bxc6+ bxc6 7. O-O Ne7
8. exd6 cxd6 9. h3 Bh5 10. Nc3 f5 11. exf5 Nxf5 12. g4 Be7 13. gxh5 O-O 14.
Qd3 d5 15. Bf4 Bc5 16. Bh2 Qf6 17. Rae1 d4 18. Ne4 Qe7 19. Nxc5 Qxc5 20. Re5
Qxe5 21. Bxe5 Rae8 22. Qb3+ Kh8 23. Ng5 Re7 24. f4 h6 25. Ne6 Rff7 26. Qb8+
Kh7 27. Nf8+ {Black resigns} 1-0

[Event "ICC tourney 2545 (5 3)"]
[Site "Internet Chess Club"]
[Date "2021.04.11"]
[Round "3"]
[White "RealFuno09"]
[Black "SuperPuzzler"]
[Result "1-0"]
[ICCResult "Black resigns"]
[WhiteElo "1883"]
[BlackElo "1840"]
[Opening "Ruy Lopez: closed, Bogolyubov variation"]
[ECO "C91"]
[NIC "RL.20"]
[Time "14:52:29"]
[TimeControl "300+3"]

1. e4 e5 2. Nf3 Nc6 3. Bb5 a6 4. Ba4 Nf6 5. O-O Be7 6. Re1 b5 7. Bb3 d6 8.
c3 O-O 9. d4 Bg4 10. Be3 exd4 11. cxd4 Na5 12. h3 Nxb3 13. axb3 Bd7 14. Nbd2
Re8 15. Qc2 Qc8 16. Rac1 c6 17. Bg5 h6 18. Bh4 Qc7 19. e5 Nd5 20. Bxe7 Rxe7
21. Ne4 dxe5 22. dxe5 Rd8 23. Qc5 Re6 24. Qxd5 cxd5 25. Rxc7 dxe4 26. Rxe4
Bc6 27. Rd4 Rde8 28. Nh4 g5 29. Nf5 Ba8 30. Rdd7 Rxe5 31. Rxf7 Rxf5 32. Rxf5
Be4 33. Rf6 h5 34. Rxa6 g4 35. hxg4 hxg4 36. Kh2 Bf5 37. Rf6 Bc8 38. Rb6
{Black resigns}
1-0

[Event "ICC tourney 2545 (5 3)"]
[Site "Internet Chess Club"]
[Date "2021.04.11"]
[Round "3"]
[White "joshwang2000"]
[Black "RichTNYC"]
[Result "1-0"]
[ICCResult "Black resigns"]
[WhiteElo "1359"]
[BlackElo "1204"]
[Opening "Ruy Lopez: Berlin defense, 4.O-O, d6"]
[ECO "C66"]
[NIC "RL.02"]
[Time "14:53:19"]
[TimeControl "300+3"]

1. e4 e5 2. Nf3 Nc6 3. Bb5 d6 4. O-O Nf6 5. Re1 Be7 6. c3 O-O 7. d4 a6 8.
Ba4 Bg4 9. dxe5 Nxe5 10. Nbd2 d5 11. exd5 Qxd5 12. Bb3 Qd3 13. Qe2 Bxf3 14.
Nxf3 Qxe2 15. Rxe2 Nxf3+ 16. gxf3 Bd6 17. Bg5 Nd7 18. Rae1 Nc5 19. Bc2 h6
20. Be7 Bxe7 21. Rxe7 Ne6 22. Bb3 Rae8 23. Rd7 Rd8 24. Red1 Rxd7 25. Rxd7
Rd8 26. Re7 Kf8 27. Bxe6 Rd1+ 28. Kg2 fxe6 29. Rxc7 Ra1 30. a3 b5 31. Ra7
Rb1 32. b4 Rb3 33. Rxa6 Rxc3 34. Ra5 Rb3 35. Rxb5 Rxa3 36. Rb7 g5 37. b5 Rb3
38. b6 Ke8 39. Kg3 Kd8 40. Kg4 Kc8 41. Rh7 Rxb6 42. Rxh6 Rb5 43. Rxe6 Kd7
44. Rf6 Ke7 45. Rf5 Rb2 46. Rxg5 Rxf2 47. h4 Rg2+ 48. Kf5 Kf7 49. Rxg2
{Black resigns}
1-0

[Event "ICC tourney 2545 (5 3)"]
[Site "Internet Chess Club"]
[Date "2021.04.11"]
[Round "3"]
[White "leader102938"]
[Black "kartheek24"]
[Result "1-0"]
[ICCResult "Black resigns"]
[WhiteElo "1627"]
[BlackElo "1823"]
[Opening "French: MacCutcheon variation"]
[ECO "C12"]
[NIC "FR.05"]
[Time "14:52:48"]
[TimeControl "300+3"]

1. e4 e6 2. d4 d5 3. Nc3 Nf6 4. Bg5 Bb4 5. Bxf6 gxf6 6. a3 Bxc3+ 7. bxc3
dxe4 8. Qg4 f5 9. Qg7 Ke7 10. Qg5+ Kd7 11. Qg7 Qf8 12. Qf6 a6 13. Rd1 Qd8
14. Qxf7+ Qe7 15. Qh5 Qxa3 16. Qh3 c6 17. Bc4 Kc7 18. Qg3+ Kb6 19. Ne2 Nd7
20. Bxe6 Nf6 21. Bb3 Qe7 22. Nf4 Rg8 23. Qe3 Rd8 24. h3 Nd5 25. Bxd5 cxd5
26. O-O Be6 27. c4 Rac8 28. c5+ Ka7 29. Qb3 Rc6 30. Rb1 Rd7 31. Rb2 h5 32.
Ng6 Qg5 33. Ne5 Rdc7 34. Nxc6+ {Black resigns} 1-0

[Event "ICC tourney 2545 (5 3)"]
[Site "Internet Chess Club"]
[Date "2021.04.11"]
[Round "3"]
[White "Rsalvio"]
[Black "oxdidi"]
[Result "1-0"]
[ICCResult "Black forfeits on time"]
[WhiteElo "1436"]
[BlackElo "1102"]
[Opening "King's knight's gambit"]
[ECO "C34"]
[NIC "KG.02"]
[Time "14:52:13"]
[TimeControl "300+3"]

1. e4 e5 2. f4 exf4 3. Nf3 Nc6 4. Bc4 d6 5. O-O Nf6 6. Nc3 Bg4 7. h3 Bh5 8.
d4 Be7 9. Bxf4 O-O 10. a3 Qd7 11. Qd2 Bxf3 12. Rxf3 Rad8 13. Raf1 a6 14. Nd5
Nxe4 15. Qe3 Nf6 16. Bg5 Nxd5 17. Bxd5 Bxg5 18. Qxg5 h6 19. Qg6 Kh8 20. Rxf7
Rxf7 21. Rxf7 {Black forfeits on time} 1-0

[Event "ICC tourney 2545 (5 3)"]
[Site "Internet Chess Club"]
[Date "2021.04.11"]
[Round "3"]
[White "ericbuen"]
[Black "Cramagica"]
[Result "1-0"]
[ICCResult "Black checkmated"]
[WhiteElo "1537"]
[BlackElo "1246"]
[Opening "Philidor: López counter-gambit"]
[ECO "C41"]
[NIC "KP.10"]
[Time "14:53:08"]
[TimeControl "300+3"]

1. e4 e5 2. Nf3 d6 3. Bc4 f5 4. d3 f4 5. Nbd2 Bg4 6. c3 Nf6 7. h3 Bh5 8. Qb3
b6 9. d4 Nbd7 10. dxe5 dxe5 11. Bb5 Bd6 12. O-O Bf7 13. Qa4 O-O 14. Bc6 Rb8
15. Ng5 a5 16. Nxf7 Rxf7 17. Nf3 Nc5 18. Qb5 Kh8 19. b4 axb4 20. cxb4 Ncxe4
21. Nxe5 Bxe5 22. Qxe5 Qd6 23. Qxd6 cxd6 24. Bxf4 Rc7 25. Bxe4 Nxe4 26. f3
Nf6 27. Bxd6 Rbc8 28. Bxc7 Rxc7 29. Rac1 Rxc1 30. Rxc1 h6 31. Rc6 b5 32. Rb6
Nd5 33. Rxb5 Nc3 34. Rb8+ Kh7 35. Ra8 Nb5 36. a4 Na3 37. b5 Nc4 38. a5 Na3
39. b6 Nb5 40. b7 Nc7 41. b8=Q Nxa8 42. Qxa8 Kg6 43. Qe4+ Kg5 44. a6 Kf6 45.
a7 Kf7 46. a8=Q g5 47. Qae8+ Kf6 48. Qf5+ Kg7 49. Qef8# {Black checkmated}
1-0

[Event "ICC tourney 2545 (5 3)"]
[Site "Internet Chess Club"]
[Date "2021.04.11"]
[Round "3"]
[White "keesparov2001"]
[Black "AbhinavSinha19"]
[Result "1-0"]
[ICCResult "Black resigns"]
[WhiteElo "937"]
[BlackElo "1247"]
[Opening "Scotch game"]
[ECO "C45"]
[NIC "SO.04"]
[Time "14:53:03"]
[TimeControl "300+3"]

1. e4 e5 2. Nf3 Nc6 3. d4 exd4 4. Nxd4 Nxd4 5. Qxd4 d6 6. Bf4 Be6 7. Nc3 Nf6
8. f3 c5 9. Qd2 d5 10. Bb5+ Bd7 11. O-O-O Bxb5 12. Nxb5 d4 13. Nc7+ Kd7 14.
Nxa8 Qxa8 15. c3 Qc8 16. Kb1 Nh5 17. Be3 Ke8 18. cxd4 cxd4 19. Bxd4 b6 20.
Qc3 Bc5 21. Bxc5 bxc5 22. Rd5 Nf6 23. Rxc5 Qd7 24. Rc8+ Ke7 25. Rxh8
{Black resigns}
1-0

[Event "ICC tourney 2545 (5 3)"]
[Site "Internet Chess Club"]
[Date "2021.04.11"]
[Round "3"]
[White "blackjack721"]
[Black "vJiggy"]
[Result "1-0"]
[ICCResult "Black checkmated"]
[WhiteElo "1220"]
[BlackElo "1260"]
[Opening "King's pawn opening"]
[ECO "B07"]
[NIC "VO.17"]
[Time "14:53:53"]
[TimeControl "300+3"]

1. e4 d6 2. f4 g6 3. Nc3 Nf6 4. Nf3 Bg7 5. d4 Bg4 6. Be2 Nc6 7. e5 Nd7 8. d5
Nb4 9. e6 fxe6 10. dxe6 Bxe6 11. O-O O-O 12. Ng5 Bf5 13. Bc4+ e6 14. g4 Nxc2
15. gxf5 Nxa1 16. fxe6 Nb6 17. e7+ Rf7 18. exd8=Q+ Rxd8 19. Bxf7+ Kf8 20.
Be3 Nc4 21. Bxc4 Re8 22. Ne6+ Kg8 23. Nxc7+ Kf8 24. Nxe8 Kxe8 25. Qxd6 Bf8
26. Qe6+ Kd8 27. Rd1+ Kc7 28. Rd7+ Kc8 29. Qe8# {Black checkmated} 1-0

[Event "ICC tourney 2545 (5 3)"]
[Site "Internet Chess Club"]
[Date "2021.04.11"]
[Round "3"]
[White "bandhu2"]
[Black "chabotheking"]
[Result "1-0"]
[ICCResult "Black resigns"]
[WhiteElo "1701"]
[BlackElo "2544"]
[Opening "Sicilian defense"]
[ECO "B33"]
[NIC "SI.34"]
[Time "14:52:51"]
[TimeControl "300+3"]

1. e4 c5 2. Nf3 Nc6 3. d4 cxd4 4. Nxd4 Nf6 5. Nc3 h5 6. Bc4 e6 7. Nxc6 bxc6
8. e5 Ng4 9. Qe2 Qa5 10. Bf4 Bb4 11. O-O Bxc3 12. bxc3 g5 13. Bxg5 Qxe5 14.
Qxe5 Nxe5 15. Bf6 Nxc4 16. Bxh8 f5 17. f4 c5 18. Rf3 Bb7 19. Rh3 O-O-O 20.
Rxh5 Ne3 21. g3 Nxc2 22. Rc1 Be4 23. Bf6 Rf8 24. Rh8 Rxh8 25. Bxh8 Ne3 26.
h4 Bf3 27. Kf2 {Black resigns} 1-0

[Event "ICC tourney 2545 (5 3)"]
[Site "Internet Chess Club"]
[Date "2021.04.11"]
[Round "3"]
[White "Steepblue"]
[Black "SunKing007"]
[Result "0-1"]
[ICCResult "White resigns"]
[WhiteElo "1381"]
[BlackElo "1678"]
[Opening "Queen's pawn: stonewall attack"]
[ECO "D00"]
[NIC "QP.08"]
[Time "14:53:04"]
[TimeControl "300+3"]

1. d4 d5 2. e3 Nf6 3. Bd3 g6 4. Nd2 Bg7 5. c3 O-O 6. e4 c5 7. e5 Nfd7 8. f4
Nc6 9. Ngf3 f6 10. e6 Nb6 11. dxc5 Nc4 12. Nxc4 dxc4 13. Bxc4 Qxd1+ 14. Kxd1
Rd8+ 15. Kc2 Na5 16. Bb3 Nxb3 17. axb3 Bxe6 18. Nd4 Bd7 19. Re1 e5 20. fxe5
fxe5 21. Bg5 exd4 22. Bxd8 Rxd8 23. c4 Bf5+ 24. Kd2 d3 25. Ke3 Bh6+ 26. Kf2
d2 27. Red1 Bc2 28. b4 Bb3 29. Ke2 Bxc4+ 30. Kf2 Bb3 31. h3 a6 32. g4 Rd4
33. b5 Bxd1 34. Rxd1 axb5 35. b4 Rxb4 {White resigns} 0-1

[Event "ICC tourney 2545 (5 3)"]
[Site "Internet Chess Club"]
[Date "2021.04.11"]
[Round "3"]
[White "iamkenoh"]
[Black "Draconian"]
[Result "0-1"]
[ICCResult "White checkmated"]
[WhiteElo "1504"]
[BlackElo "1835"]
[Opening "Sicilian: closed"]
[ECO "B23"]
[NIC "SI.44"]
[Time "14:52:53"]
[TimeControl "300+3"]

1. e4 c5 2. Nc3 g6 3. d3 Bg7 4. Nf3 Nc6 5. Be2 e6 6. O-O Nge7 7. Bf4 O-O 8.
Be3 b6 9. Rb1 d5 10. d4 dxe4 11. Nxe4 cxd4 12. Bf4 e5 13. Bg3 h6 14. h3 Be6
15. b3 f5 16. Ned2 Nd5 17. Nc4 Nc3 18. Qd2 Nxb1 19. Rxb1 f4 20. Bh2 e4 21.
Ne1 g5 22. Bh5 Bf5 23. c3 dxc3 24. Qxd8 Raxd8 25. Rc1 Nb4 26. a3 Nd3 27.
Nxd3 exd3 28. g3 d2 29. Nxd2 cxd2 30. Rd1 Bc2 31. Rf1 d1=Q 32. Bxd1 Rxd1 33.
gxf4 Rxf1+ 34. Kxf1 Rxf4 35. Bxf4 gxf4 36. b4 f3 37. Ke1 Bf5 38. Kd2 Bxh3
39. Kc2 Bg2 40. Kb3 Bd4 41. a4 Bxf2 42. a5 bxa5 43. bxa5 Be3 44. Kb4 f2 45.
Kb5 f1=Q+ 46. Kb4 Qb1+ 47. Kc3 Qc1+ 48. Kd3 Qd2+ 49. Kc4 Bd5+ 50. Kb5 Qb2+
51. Ka6 Bb7# {White checkmated} 0-1

[Event "ICC tourney 2545 (5 3)"]
[Site "Internet Chess Club"]
[Date "2021.04.11"]
[Round "3"]
[White "KingSack"]
[Black "HobbyChess"]
[Result "0-1"]
[ICCResult "White resigns"]
[WhiteElo "1488"]
[BlackElo "2102"]
[Opening "Robatsch (modern) defense"]
[ECO "B06"]
[NIC "KF.05"]
[Time "14:52:51"]
[TimeControl "300+3"]

1. e4 g6 2. d4 Bg7 3. Nc3 d6 4. Be3 a6 5. f4 b5 6. Nf3 Bb7 7. Bd3 Nd7 8. Qe2
e6 9. O-O-O Ne7 10. g4 Nb6 11. h4 h5 12. Rhg1 b4 13. Nb1 Qd7 14. b3 d5 15.
e5 a5 16. Bb5 Bc6 17. a4 Bxb5 18. Qxb5 Qxb5 19. axb5 hxg4 20. Rxg4 Nf5 21.
Bf2 Rb8 22. Nbd2 Nc8 23. Kb2 Rxb5 24. Ra1 Nce7 25. c4 bxc3+ 26. Kxc3 Kd7 27.
Rgg1 Bh6 28. Ng5 Bxg5 29. hxg5 Rh3+ 30. Kc2 Nc6 31. Rh1 Rxh1 32. Rxh1 Ncxd4+
33. Bxd4 Nxd4+ 34. Kc3 c5 35. Rh7 Ke7 36. Rh8 Ne2+ 37. Kc2 Nxf4 38. Rh2 Nh5
39. Kc3 Rb4 40. Rh1 a4 41. bxa4 Rxa4 42. Rb1 Ra3+ 43. Kc2 Nf4 44. Rb7+ Kf8
45. Rb8+ Kg7 46. Nb3 Rxb3 47. Kxb3 Nd3 48. Rc8 Nxe5 49. Rxc5 Nf3 50. Kc3
Nxg5 51. Kd4 Ne4 52. Rc7 Kf6 53. Ke3 g5 54. Kf3 Nd6 55. Rd7 Nf5 56. Kg4 Ne3+
57. Kf3 Nc4 58. Kg4 Ne5+ {White resigns} 0-1

[Event "ICC tourney 2545 (5 3)"]
[Site "Internet Chess Club"]
[Date "2021.04.11"]
[Round "3"]
[White "GrandTurk"]
[Black "INDIAN-ELEPHANT"]
[Result "1-0"]
[ICCResult "Black resigns"]
[WhiteElo "1879"]
[BlackElo "2627"]
[Opening "Queen's bishop game"]
[ECO "D02"]
[NIC "QP.08"]
[Time "14:52:31"]
[TimeControl "300+3"]

1. d4 d5 2. Nf3 Nf6 3. Bf4 g6 4. e3 Bg7 5. Be2 O-O 6. h3 c5 7. c3 Nbd7 8.
Ne5 Ne4 9. Nd2 Nxd2 10. Qxd2 Nxe5 11. Bxe5 f6 12. Bh2 cxd4 13. cxd4 e5 14.
O-O Be6 15. Rac1 Qb6 16. Bf3 e4 17. Be2 f5 18. Be5 Bxe5 19. dxe5 Rad8 20.
Qd4 Qxd4 21. exd4 f4 22. Bg4 Bxg4 23. hxg4 f3 24. Rc7 Rf4 25. g3 Rxg4 26.
Rxb7 h5 27. Rc1 h4 28. Rcc7 hxg3 29. Rg7+ Kh8 30. Rh7+ Kg8 31. Rbg7+ Kf8 32.
e6 Re8 33. Rf7+ Kg8 34. e7 Rxe7 35. Rxe7 gxf2+ 36. Kxf2 Rg2+ 37. Kf1 e3 38.
Rhg7+ Kf8 39. Ref7+ Ke8 40. Rxf3 Rxb2 41. Rxe3+ Kf8 42. Rc7 Rxa2 43. Rb3 Rb2
44. Rxb2 {Black resigns} 1-0

[Event "ICC tourney 2545 (5 3)"]
[Site "Internet Chess Club"]
[Date "2021.04.11"]
[Round "3"]
[White "HorseHead"]
[Black "ser71itmex"]
[Result "0-1"]
[ICCResult "White checkmated"]
[WhiteElo "1306"]
[BlackElo "1572"]
[Opening "French defense"]
[ECO "C00"]
[NIC "FR.01"]
[Time "14:54:42"]
[TimeControl "300+3"]

1. e4 e6 2. Nf3 d5 3. e5 c5 4. a3 Nc6 5. c3 d4 6. cxd4 Nxd4 7. Nxd4 Qxd4 8.
Bb5+ Bd7 9. Bxd7+ Qxd7 10. O-O O-O-O 11. b3 Qd4 12. Ra2 Qxe5 13. f4 Qd4+ 14.
Kh1 Nf6 15. Rc2 Kb8 16. Bb2 Qd5 17. Rc3 Ne4 18. d3 Nxc3 19. Bxc3 Qxd3 20.
Qc1 Be7 21. Bxg7 Rhg8 22. Be5+ Ka8 23. h3 Qe2 24. g4 Rd3 25. Re1 Rxh3+ 26.
Kg1 Rxg4# {White checkmated} 0-1

[Event "ICC tourney 2545 (5 3)"]
[Site "Internet Chess Club"]
[Date "2021.04.11"]
[Round "3"]
[White "PhaseShift"]
[Black "TjkTiger"]
[Result "0-1"]
[ICCResult "White resigns"]
[WhiteElo "1653"]
[BlackElo "2330"]
[Opening "King's Indian: fianchetto, Uhlmann (Szabo) variation"]
[ECO "E62"]
[NIC "KI.72"]
[Time "14:52:51"]
[TimeControl "300+3"]

1. d4 Nf6 2. Nf3 g6 3. g3 Bg7 4. Bg2 O-O 5. O-O d6 6. c4 Nc6 7. Nc3 e5 8. d5
Nb8 9. e4 a5 10. Ne1 Na6 11. Nd3 Nd7 12. Be3 b6 13. Qd2 Nac5 14. Nxc5 Nxc5
15. Rab1 Bd7 16. b3 f5 17. f3 f4 18. Bxc5 bxc5 19. a3 h5 20. b4 axb4 21.
axb4 cxb4 22. Rxb4 fxg3 23. hxg3 h4 24. g4 Bf6 25. Rfb1 Bg5 26. Qd3 Ra3 27.
R4b3 Rxb3 28. Rxb3 Qa8 29. Qb1 Qa7+ 30. Kh1 h3 31. Bxh3 Rxf3 32. Bg2 Qf2 33.
Rb2 Qh4+ 34. Kg1 Be3+ {White resigns} 0-1

[Event "ICC tourney 2545 (5 3)"]
[Site "Internet Chess Club"]
[Date "2021.04.11"]
[Round "3"]
[White "wildrumpus"]
[Black "ehkopean"]
[Result "0-1"]
[ICCResult "White resigns"]
[WhiteElo "1369"]
[BlackElo "1592"]
[Opening "Queen's pawn: stonewall attack"]
[ECO "D00"]
[NIC "QP.08"]
[Time "14:53:23"]
[TimeControl "300+3"]

1. d4 d5 2. e3 Nf6 3. Bd3 Nc6 4. f4 Nb4 5. Nf3 Nxd3+ 6. cxd3 Bg4 7. O-O e6
8. Nc3 a6 9. Qe1 Bxf3 10. Rxf3 c5 11. dxc5 Bxc5 12. b3 Rc8 13. Na4 Bd6 14.
Bb2 b5 15. Nc3 Bb4 16. Rc1 O-O 17. a3 Bc5 18. b4 Ba7 19. Kh1 d4 20. Ne4 Nxe4
21. Rxc8 Qxc8 22. dxe4 dxe3 23. Qg3 f6 24. Rxe3 Bxe3 25. Qxe3 Qc2 26. Bd4
Qd1+ 27. Qg1 Qxg1+ 28. Kxg1 Rd8 29. Bc5 Rd3 30. Kf2 Rxa3 31. g4 Kf7 32. h4
Rc3 33. Ke2 a5 34. Bd4 Rc4 35. Kd3 Rxb4 36. e5 Rb3+ 37. Ke4 Rh3 38. h5 Rg3
39. exf6 gxf6 40. g5 fxg5 41. fxg5 Rxg5 42. h6 Rg4+ {White resigns} 0-1

[Event "ICC tourney 2545 (5 3)"]
[Site "Internet Chess Club"]
[Date "2021.04.11"]
[Round "3"]
[White "ChucklesChess"]
[Black "MrEndron"]
[Result "0-1"]
[ICCResult "White resigns"]
[WhiteElo "1239"]
[BlackElo "1493"]
[Opening "Sicilian"]
[ECO "B50"]
[NIC "SI.01"]
[Time "14:53:42"]
[TimeControl "300+3"]

1. e4 c5 2. Nf3 d6 3. c3 Nf6 4. d3 a6 5. Be3 g6 6. Nbd2 Bg7 7. d4 cxd4 8.
cxd4 Bg4 9. Be2 O-O 10. O-O Nc6 11. d5 Bxf3 12. Bxf3 Ne5 13. Bd4 Nxf3+ 14.
Nxf3 Nxe4 15. Bxg7 Kxg7 16. Qd4+ Nf6 17. Ng5 h6 18. Ne4 Kh7 19. Nxf6+ exf6
20. Rfe1 f5 21. Re3 Qg5 22. Rg3 Qe7 23. Rh3 Qe5 24. Qh4 h5 25. Qc4 Rfe8 26.
Re3 Qxb2 27. Ree1 Re4 28. Qc7 Kg7 29. Qxd6 Rae8 30. Kf1 Qd4 31. Rad1 Qc4+
32. Kg1 Rxe1+ {White resigns} 0-1

[Event "ICC tourney 2545 (5 3)"]
[Site "Internet Chess Club"]
[Date "2021.04.11"]
[Round "3"]
[White "JamesS"]
[Black "minorpiece"]
[Result "0-1"]
[ICCResult "White resigns"]
[WhiteElo "1349"]
[BlackElo "1427"]
[Opening "Philidor's defense"]
[ECO "C41"]
[NIC "KP.10"]
[Time "14:53:43"]
[TimeControl "300+3"]

1. e4 e5 2. Nf3 d6 3. h3 f5 4. Nc3 Nf6 5. Bc4 fxe4 6. Ng5 d5 7. Bb3 c6 8.
O-O Be7 9. f4 h6 10. fxe5 hxg5 11. exf6 gxf6 12. d3 Be6 13. dxe4 Qd7 14.
exd5 Bxh3 15. dxc6 Bc5+ 16. Kh2 Qc7+ 17. Bf4 gxf4 18. Qe1+ Kf8 19. gxh3 f3+
20. Qg3 Bd6 21. Rxf3 Bxg3+ 22. Rxg3 Nxc6 23. Rf1 Rh6 24. Nd5 Qe5 25. Nxf6
Rxf6 26. Rxf6+ Qxf6 27. Rg8+ Ke7 28. Rxa8 Qf2+ 29. Kh1 Nd4 30. Ba4 Nf3 31.
Re8+ Kf7 {White resigns} 0-1

[Event "ICC tourney 2545 (5 3)"]
[Site "Internet Chess Club"]
[Date "2021.04.11"]
[Round "3"]
[White "Ohanessian"]
[Black "GunSlinger"]
[Result "1-0"]
[ICCResult "Black forfeits on time"]
[WhiteElo "2010"]
[BlackElo "1638"]
[Opening "Ruy Lopez: Berlin defense, Tarrasch trap"]
[ECO "C46"]
[NIC "KP.06"]
[Time "14:52:32"]
[TimeControl "300+3"]

1. e4 e5 2. Nf3 Nc6 3. Nc3 Be7 4. Bb5 d6 5. O-O Nf6 6. d4 Bd7 7. Re1 O-O 8.
Bxc6 Bxc6 9. dxe5 dxe5 10. Qxd8 Raxd8 11. Nxe5 Bxe4 12. Nxe4 Nxe4 13. Bf4 f5
14. Nd3 Bd6 15. f3 g5 16. Bxd6 Nxd6 17. Re7 Rf7 18. Rae1 Kf8 19. R7e5 Re8
20. Rxe8+ Nxe8 21. Nc5 Nd6 22. Ne6+ Kg8 23. Nxg5 Rd7 24. b3 Kg7 25. Ne6+ Kf6
26. Nf4 Nb5 27. Re6+ Kf7 28. Re5 {Black forfeits on time} 1-0

[Event "ICC tourney 2545 (5 3)"]
[Site "Internet Chess Club"]
[Date "2021.04.11"]
[Round "3"]
[White "Irenaeus"]
[Black "GuruS"]
[Result "1-0"]
[ICCResult "Black checkmated"]
[WhiteElo "1742"]
[BlackElo "1508"]
[Opening "Caro-Kann: advance variation"]
[ECO "B12"]
[NIC "CK.02"]
[Time "14:53:23"]
[TimeControl "300+3"]

1. e4 c6 2. d4 d5 3. e5 c5 4. Nf3 cxd4 5. Qxd4 Nc6 6. Bb5 Bd7 7. Bxc6 Bxc6
8. O-O e6 9. Nc3 Ne7 10. Bg5 h6 11. Qh4 Ng6 12. Bxd8 Nxh4 13. Bxh4 Bc5 14.
Rfe1 O-O 15. Ne2 Rfe8 16. Ned4 Bd7 17. c3 Rac8 18. Bg3 Bxd4 19. Nxd4 Kh7 20.
f4 Rc7 21. Bf2 f6 22. Rad1 f5 23. h3 g5 24. g3 gxf4 25. gxf4 Rg8+ 26. Kh2
Bc8 27. Rg1 Rcg7 28. Rxg7+ Rxg7 29. Rg1 Rxg1 30. Bxg1 Kg6 31. Kg3 Kh5 32.
Nb5 a6 33. Nd6 Bd7 34. Nxb7 Bb5 35. Nc5 Be2 36. Nxe6 Kg6 37. Nd4 Bd3 38. Nb3
Bb5 39. Bc5 Kf7 40. Nd4 Bd3 41. e6+ Ke8 42. e7 Kf7 43. Ne6 Bb5 44. Nc7 Bc4
45. e8=Q+ Kf6 46. Qe6+ Kg7 47. Bd4+ Kh7 48. Qxf5+ Kg8 49. Qg6+ Kf8 50. Qf6+
Kg8 51. Qg7# {Black checkmated} 1-0

[Event "ICC tourney 2545 (5 3)"]
[Site "Internet Chess Club"]
[Date "2021.04.11"]
[Round "3"]
[White "ncc-1701"]
[Black "drjava"]
[Result "0-1"]
[ICCResult "White resigns"]
[WhiteElo "1795"]
[BlackElo "1731"]
[Opening "Sicilian: Alapin's variation (2.c3)"]
[ECO "B22"]
[NIC "SI.46"]
[Time "14:53:43"]
[TimeControl "300+3"]

1. e4 c5 2. c3 e6 3. d4 cxd4 4. cxd4 a6 5. Nc3 b5 6. Bd3 Bb7 7. Nf3 Nf6 8.
Bg5 Be7 9. O-O h6 10. Bh4 O-O 11. Qc2 d6 12. Rad1 Nbd7 13. Bg3 Rc8 14. Qb1
Nh5 15. e5 Nxg3 16. fxg3 dxe5 17. Nxe5 Nxe5 18. dxe5 Qb6+ 19. Kh1 Qc6 20.
Be4 Qb6 21. Bh7+ Kh8 22. Rd7 Rc7 23. Rfd1 Rxd7 24. Rxd7 Bxg2+ 25. Kxg2 Qc6+
26. Kh3 Qxd7 27. Bd3 Rd8 28. Be2 Qd2 29. Qe4 Qxb2 30. Bd3 g6 31. Ne2 Bg5 32.
Qf3 Qxe5 33. Qxf7 Rxd3 34. Qf8+ Kh7 35. Qf7+ Qg7 36. Qxe6 Re3 {White
resigns} 0-1

[Event "ICC tourney 2545 (5 3)"]
[Site "Internet Chess Club"]
[Date "2021.04.11"]
[Round "3"]
[White "HenrikL"]
[Black "FunnyChessMan31"]
[Result "1-0"]
[ICCResult "Black checkmated"]
[WhiteElo "1757"]
[BlackElo "1516"]
[Opening "Caro-Kann: Tartakower (Nimzovich) variation"]
[ECO "B15"]
[NIC "CK.06"]
[Time "14:52:32"]
[TimeControl "300+3"]

1. e4 c6 2. d4 d5 3. Nc3 dxe4 4. Nxe4 Nf6 5. Nxf6+ exf6 6. Nf3 Bd6 7. Be3
O-O 8. Bd3 Be6 9. c3 Nd7 10. Qc2 h6 11. O-O-O Re8 12. h3 b5 13. Kb1 Nb6 14.
g4 Nc4 15. Bc1 a5 16. Rhg1 a4 17. h4 Qa5 18. g5 fxg5 19. hxg5 h5 20. g6 f6
21. Bf5 Bd5 22. Nd2 Re2 23. Qd3 Rxf2 24. Qh3 Nxd2+ 25. Rxd2 Rxd2 26. Bxd2 a3
27. b3 Bxb3 28. Qxh5 Bxa2+ 29. Kxa2 Qa4 30. Qh7+ Kf8 31. Qh8+ Ke7 32. Qxg7+
Kd8 33. Qd7# {Black checkmated} 1-0

[Event "ICC tourney 2545 (5 3)"]
[Site "Internet Chess Club"]
[Date "2021.04.11"]
[Round "3"]
[White "dwmt"]
[Black "ZephyrrrYT"]
[Result "0-1"]
[ICCResult "White resigns"]
[WhiteElo "1039"]
[BlackElo "1380"]
[Opening "Polish (Sokolsky) opening"]
[ECO "A00"]
[NIC "VO.10"]
[Time "14:52:44"]
[TimeControl "300+3"]

1. b4 d5 2. Bb2 Nf6 3. Bxf6 exf6 4. a3 Bf5 5. d4 c6 6. e3 Nd7 7. Nf3 Bd6 8.
Nbd2 O-O 9. g3 Bg6 10. Bg2 Re8 11. c4 dxc4 12. Nxc4 Bc7 13. O-O Nb6 14. Nxb6
Bxb6 15. a4 a6 16. Nh4 Qe7 17. Nxg6 fxg6 18. Rb1 Rad8 19. Qb3+ Qe6 20. Qxe6+
Rxe6 21. Bh3 Ree8 22. a5 Bc7 23. Kg2 Bd6 24. Kf3 Kf7 25. Rfd1 f5 26. d5 cxd5
27. Rxd5 Be7 28. Rbd1 Rxd5 29. Rxd5 Bxb4 30. Rd7+ Re7 31. Rd5 Ke6 32. Rd4
Bxa5 33. Ra4 Bb6 34. Bf1 Rc7 35. Bxa6 bxa6 36. Rxa6 Rc6 37. Kf4 Bc7+
{White resigns}
0-1

[Event "ICC tourney 2545 (5 3)"]
[Site "Internet Chess Club"]
[Date "2021.04.11"]
[Round "3"]
[White "GYMEJR"]
[Black "romasru"]
[Result "1-0"]
[ICCResult "Black checkmated"]
[WhiteElo "1524"]
[BlackElo "1289"]
[Opening "Beefeater defense"]
[ECO "A40"]
[NIC "QO.17"]
[Time "14:52:38"]
[TimeControl "300+3"]

1. d4 g6 2. c4 Bg7 3. Nc3 c5 4. d5 Bxc3+ 5. bxc3 f5 6. Nf3 Qa5 7. Qc2 d6 8.
h4 Nf6 9. Bd2 Nbd7 10. Ng5 Nb6 11. e4 fxe4 12. Nxe4 Nxe4 13. Qxe4 Bf5 14.
Qe3 Qa3 15. Be2 Kd7 16. g4 Bc2 17. Qe6+ Kd8 18. O-O Ba4 19. Bg5 Re8 20.
Qxd6+ Nd7 21. Qe6 Qxc3 22. Rac1 Qe5 23. Rfe1 Qxe6 24. dxe6 Nf6 25. Bd1 Bd7
26. Bxf6 exf6 27. exd7 Rxe1+ 28. Kg2 Re4 29. Bf3 Rd4 30. Bxb7 Rb8 31. Bc8
Rxg4+ 32. Kf3 Rxh4 33. Re1 Rxc4 34. Re8+ Kc7 35. d8=Q+ Kc6 36. Qd7+ Kb6 37.
Re6+ Ka5 38. Ra6+ Kb4 39. Qd2+ Kb5 40. Qa5# {Black checkmated} 1-0